 Dungeon Crawl Stone Soup version 0.26-a0-663-g36e8fdb655 (webtiles) character file.

Game seed: 3986318019252508814

135 marklar909 the Digger (level 5, 0/35 HPs)
             Began as a Formicid Earth Elementalist on Oct 12, 2020.
             Slain by an orc warrior
             ... wielding a +0 mace
              (2 damage)
             ... on level 2 of the Dungeon.
             The game lasted 00:01:42 (1236 turns).

marklar909 the Digger (Formicid Earth Elementalist) Turns: 1236, Time: 00:01:42

Health: 0/35       AC:  2    Str: 12    XL:     5   Next: 42%
Magic:  1/9        EV: 12    Int: 16    God:
Gold:   72         SH:  0    Dex: 11    Spells: 6/10 levels left

rFire    . . .     SeeInvis +   (no weapon)
rCold    . . .     Faith    .   (no shield)
rNeg     . . .     Spirit   .   c - +0 robe
rPois    .         Reflect  .   (helmet unavailable)
rElec    .         Harm     .   (no cloak)
rCorr    .         Rampage  .   (no gloves)
MR       .....                  (no boots)
Stlth    ++........             (no amulet)
HPRegen  0.11/turn              (no ring)
MPRegen  0.11/turn              (no ring)

@: lethally poisoned (0 -> -4), invisible
A: permanent stasis, dig shafts and tunnels, four strong arms, antennae 3
a: Dig, Shaft Self


You were on level 2 of the Dungeon.
You visited 1 branch of the dungeon, and saw 2 of its levels.

You collected 72 gold pieces.

Inventory:

Missiles
 b - 59 stones (quivered)
Armour
 c - a +0 robe (worn)
 e - a +0 ring mail
Jewellery
 d - a +6 ring of dexterity
Scrolls
 g - 2 scrolls of remove curse {unknown}
 h - a scroll of immolation {unknown}
 i - a scroll of random uselessness {unknown}
 j - a scroll of teleportation {unknown}
 k - a scroll of fear {unknown}
Potions
 f - a potion of lignification {unknown}


   Skills:
 + Level 1.8 Dodging
 + Level 3.4 Stealth
 + Level 3.3 Spellcasting
 * Level 0.3 Conjurations
   Level 1.1 Transmutations
 * Level 5.6 Earth Magic


You had 6 spell levels left.
You knew the following spells:

 Your Spells              Type           Power        Failure   Level
a - Sandblast             Erth           ###...       1%          1
b - Stone Arrow           Conj/Erth      ##....       16%         3

Your spell library contained the following spells:

 Spells                   Type           Power        Failure   Level
 Passwall                 Tmut/Erth      ##......     7%          2
 Petrify                  Tmut/Erth      ##......     41%         4
 Lee's Rapid Deconstruct  Erth           ###.......   45%         5


Dungeon Overview and Level Annotations

Branches:
Dungeon (2/15)

Altars:


Innate Abilities, Weirdness & Mutations

You cannot be hasted, slowed, berserked, paralysed or teleported.
You can dig through walls and to a lower floor.
Your four strong arms can wield two-handed weapons with a shield.
You have a pair of large antennae on your head. (SInv)


Message History

b - 60 stones You feel sick.
Casting: Sandblast (safe; 1% risk of failure)
Confirm with . or Enter, or press ? or * to list all spells.
Aiming: Sandblast (safe; 1% risk of failure)
Press: ? - help, Shift-Dir - straight line, f - orc warrior
Aim: an orc warrior, wielding a +0 mace and wearing a +0 plate armour The blast of sand hits the orc warrior!
The orc warrior is moderately wounded.
b - 59 stones The orc warrior hits you with a +0 mace!
* * * LOW HITPOINT WARNING * * *
Unknown command.
Unknown command.
It was a potion of invisibility.
You fade into invisibility!
* * * LOW HITPOINT WARNING * * *
You feel sick.
The orc warrior hits you with a +0 mace.
You die...

#..## ##... ###... #.....
##....# #......
############# #.....#
#...........######.###..
#.#...†@......†##....#..
###....##o##...........#..
##...####.†.####...#....#.#
#..###..#...#..###......#.#
#.##.#..#...#).#{##.....#
#.'.†#.†#...#..# +.....#
#.##.#.†#...#†.#{##..####
#..###..#...#..###...####.#
##...##'#(!)#'##..........#


You could see an orc warrior.

Vanquished Creatures
  A killer bee (D:2)
  Natasha (twice) (D:2)
  2 worms (D:2)
  A dart slug (D:1)
  A leopard gecko (D:2)
  4 giant cockroaches
  5 goblins
  4 hobgoblins
  3 kobolds (D:1)
  A quokka (D:2)
  2 bats (D:1)
  2 frilled lizards
  3 rats
31 creatures vanquished.

Vanquished Creatures (others)
  4 plants (D:1)
4 creatures vanquished.

Grand Total: 35 creatures vanquished

Notes
Turn   | Place    | Note
-------+----------+-------------------------------------------
     0 | D:1      | marklar909 the Formicid Earth Elementalist began the quest
                  | for the Orb.
     0 | D:1      | Reached XP level 1. HP: 13/13 MP: 3/3
   167 | D:1      | Reached skill level 4 in Earth Magic
   167 | D:1      | Reached XP level 2. HP: 19/19 MP: 1/5
   628 | D:1      | Reached XP level 3. HP: 24/24 MP: 4/6
  1092 | D:2      | Noticed Natasha
  1098 | D:2      | Killed Natasha
  1098 | D:2      | Reached skill level 5 in Earth Magic
  1098 | D:2      | Reached XP level 4. HP: 30/30 MP: 3/8
  1103 | D:2      | Learned a level 3 spell: Stone Arrow
  1152 | D:2      | Noticed Natasha
  1158 | D:2      | Killed Natasha
  1226 | D:2      | Noticed an orc warrior
  1234 | D:2      | Reached XP level 5. HP: 15/35 MP: 1/9
  1236 | D:2      | Slain by an orc warrior

Illustrated notes

Levels and vault maps discovered:
D:1:      shiori_arrival_maze, layout_loops_cross, serial_bayou_ford_a
D:2:      layout_basic, eat_drink_and_be_merry_uskayaw, lemuel_crystal_altar,
          minmay_divided_ellipse, uniq_natasha

Skill      XL: |  1  2  3  4 |
---------------+-------------+-----
Earth Magic    | 4 5 |  5.6
Stealth        | 3 |  3.4
Spellcasting   | 3 |  3.3
Dodging        | |  1.8
Conjurations   | |  0.3
Transmutations | |  1.1

Action                   |  1- 3 |  4- 6 || total
-------------------------+-------+-------++-------
 Cast: Sandblast         |    36 |    17 ||    53
  Use: Potion            |       |     1 ||     1
Armor: Robe              |     4 |       ||     4
Dodge: Dodged            |     7 |    10 ||    17

Table legend: (Time is in decaauts)
 A = Elapsed time spent in this place.
 B = Non-inter-level travel time spent in this place.
 C = Inter-level travel time spent in this place.
 D = Time resting spent in this place.
 E = Time spent auto-exploring this place.
 F = Levels seen in this place.
 G = Mean time per level.
                   A        B        C        D        E       F      G
               +--------+--------+--------+--------+--------+-----+--------+
         Total |   1243 |   1177 |     66 |     58 |    958 |   2 |  621.5 |
       Dungeon |   1243 |   1177 |     66 |     58 |    958 |   2 |  621.5 |
               +--------+--------+--------+--------+--------+-----+--------+

Top non-repeatable levels by time:
     D:1: 913 daAuts
     D:2: 329 daAuts
